 Dungeon Crawl Stone Soup version 0.20.1-1-g8b1a95d (webtiles) character file.

3074 sweetbreads the Jinx (level 10, -6/56 HPs)
             Began as a Kobold Arcane Marksman on July 23, 2017.
             Was an Initiate of Fedhas.
             Mangled by an ice beast (13 damage)
             ... on level 8 of the Dungeon.
             The game lasted 01:16:38 (12012 turns).

sweetbreads the Jinx (Kobold Arcane Marksman)      Turns: 12012, Time: 01:16:38

Health: -6/56      AC:  3    Str: 10    XL:     10   Next: 12%
Magic:  11/11      EV: 17    Int: 21    God:    Fedhas [......]
Gold:   184        SH:  0    Dex: 16    Spells: 1/11 levels left

rFire    . . .     SeeInvis .   a - +2 hand crossbow
rCold    . . .     Gourm    .   (shield restricted)
rNeg     + . .     Faith    .   k - +1 robe {rN+}
rPois    .         Spirit   .   (no helmet)
rElec    .         Reflect  .   (no cloak)
rCorr    .         Harm     .   (no gloves)
MR       .....                  (no boots)
Stlth    +.........             n - amulet of regeneration
Regen    0.6/turn               u - +3 ring of strength
MPRegen  0.2/turn               D - +3 ring of intelligence

@: no status effects
A: carnivore 3
a: Fungal Bloom, Renounce Religion


You were on level 8 of the Dungeon.
You worshipped Fedhas.
Fedhas was noncommittal.
You were very full.

You visited 2 branches of the dungeon, and saw 9 of its levels.

You collected 463 gold pieces.
You spent 279 gold pieces at shops.

Inventory:

Hand Weapons
 a - a +2 hand crossbow (weapon)
 b - a +0 rapier of venom
 l - a +0 shortbow
 o - a +0 blowgun
 y - a +2 quarterstaff of chaos
 z - a +3 shortbow
 B - the cursed +2 rapier of the Ancient Beggars {freeze, rPois}
   (You found it on level 8 of the Dungeon)

   It has been specially enchanted to freeze those struck by it, causing extra
   injury to most foes and up to half again as much damage against particularly
   susceptible opponents.
   It can also slow down cold-blooded creatures.
   It protects you from poison.
   It has a curse placed upon it.
 C - a +1 dagger of flaming
Missiles
 d - 7 bolts (quivered)
 i - 85 stones
 s - 8 poisoned needles
 E - 3 throwing nets
Armour
 e - a +0 buckler
 k - a +1 robe of positive energy (worn)
 w - a +0 cloak
Jewellery
 n - an amulet of regeneration (around neck)
 u - a +3 ring of strength (left hand)
 D - a +3 ring of intelligence (right hand)
Wands
 g - a wand of flame (12/48)
Scrolls
 h - a scroll of remove curse
 m - a scroll of recharging
 r - a scroll of amnesia
 t - a scroll of identify
 x - a scroll of fear
 F - a scroll of immolation
Potions
 p - 3 potions of curing
 q - 2 potions of lignification
 v - 2 potions of flight
 A - a potion of heal wounds
Books
 c - a book of Debilitation

   Spells                             Type                      Level
   a - Corona                         Hexes                        1
   b - Slow                           Hexes                        2
   c - Inner Flame                    Hexes/Fire                   3
   d - Portal Projectile              Hexes/Translocation          3
   e - Cause Fear                     Hexes                        4
   f - Leda's Liquefaction            Hexes/Earth                  4
Comestibles
 f - 4 meat rations
 j - 14 fruits


   Skills:
 - Level 4.0 Fighting
 - Level 1.0 Short Blades
 - Level 10.0 Crossbows
 + Level 3.9 Dodging
 - Level 1.1 Spellcasting
 + Level 10.1 Hexes


You had one spell level left.
You knew the following spells:

 Your Spells              Type           Power        Failure   Level  Hunger
a - Corona                Hex            #####..      1%          1    ##.....
b - Slow                  Hex            #####...     1%          2    ###....
c - Cause Fear            Hex            #####.....   2%          4    #####..
d - Portal Projectile     Hex/Tloc       ###...       6%          3    ####...


Dungeon Overview and Level Annotations

Branches:
Dungeon (8/15)             Temple (1/1) D:6
   Lair: D:8-11

Altars:
Ashenzari
Cheibriados
Dithmenos
Elyvilon
Fedhas
Gozag
Hepliaklqana
Kikubaaqudgha
Makhleb
Nemelex Xobeh
Okawaru
Qazlal
Ru
Sif Muna
Trog
Uskayaw
Vehumet
Yredelemnul
Zin
The Shining One

Shops:
D:4 *}[((   D:5 =?%%!   D:8 (


Innate Abilities, Weirdness & Mutations

You are small and have problems with some larger weapons.
You are carnivorous and can eat meat at any time.


Message History

Firing (i - inventory. (,) - cycle):
d - 10 bolts (quivered)
Press: ? - help, Shift-Dir - straight line, f/p - ice beast
Aim: an ice beast (almost dead)
You shoot a bolt.
The bolt hits the ice beast but does no damage.
The ice beast is almost dead.
The ice beast misses you.
Firing (i - inventory. (,) - cycle):
d - 9 bolts (quivered)
Press: ? - help, Shift-Dir - straight line, f/p - ice beast
Aim: an ice beast (almost dead)
You shoot a bolt. The bolt closely misses the ice beast.
The ice beast misses you.
Firing (i - inventory. (,) - cycle):
d - 8 bolts (quivered)
Press: ? - help, Shift-Dir - straight line, f/p - ice beast
Aim: an ice beast (almost dead)
You shoot a bolt. The bolt barely misses the ice beast.
The ice beast hits you.
* * * LOW HITPOINT WARNING * * *
The ice beast freezes you!
You die...
Fedhas appreciates your contribution to the ecosystem.

#.......#
#######.# #.....#
#.....# #.....#
#.....# #....)#
#.....# #(.(Y@#
#.(...# #(....#
.(>.....#
###.....# .......#
#.....#.#
........##.....#.#
..≈≈≈≈≈.##.....#


You could see an ice beast.

Vanquished Creatures
  Pikel (D:4)
  A spriggan (D:7)
  A hungry ghost (D:7)
  An ice beast (D:7)
  A black bear (D:8)
  4 slaves
  An ogre (D:7)
  A necrophage (D:7)
  A phantom (D:5)
  3 centaurs
  A big kobold (D:7)
  The ghost of ces the Charmwright, an amateur SpSk (D:3)
  2 bullfrogs
  2 gnoll sergeants
  A scorpion (D:5)
  5 howler monkeys
  3 crimson imps
  A bullfrog zombie (D:8)
  2 centaur zombies
  Crazy Yiuf (D:7)
  2 hounds
  3 orc wizards
  2 bullfrog skeletons
  2 centaur skeletons
  Jessica (D:2)
  5 iguanas
  A worker ant (D:4)
  2 hound skeletons
  A worker ant zombie (D:8)
  14 gnolls
  9 adders
  An ooze (D:3)
  5 worms
  4 dart slugs
  3 leopard geckos
  12 orcs
  10 giant cockroaches
  6 goblins
  9 hobgoblins
  15 kobolds
  5 quokkas
  A ball python (D:1)
  6 bats
  4 frilled lizards
  A leopard gecko zombie (D:5)
  A quokka skeleton (D:7)
  7 rats
166 creatures vanquished.

Notes
Turn   | Place    | Note
-------+----------+-------------------------------------------
     0 | D:1      | sweetbreads the Kobold Arcane Marksman began the quest for the Orb.
     0 | D:1      | Reached XP level 1. HP: 12/12 MP: 2/2
   154 | D:1      | Reached XP level 2. HP: 16/16 MP: 1/3
   460 | D:1      | Reached XP level 3. HP: 20/20 MP: 2/4
  1242 | D:2      | Learned a level 2 spell: Slow
  1554 | D:2      | Reached XP level 4. HP: 22/25 MP: 0/5
  1634 | D:2      | Found a blossoming altar of Fedhas.
  1635 | D:2      | Noticed Jessica
  1641 | D:2      | Killed Jessica
  1677 | D:2      | Noticed an oklob plant
  1817 | D:3      | Reached XP level 5. HP: 29/29 MP: 0/6
  1828 | D:3      | Noticed ces's ghost (amateur SpSk)
  1850 | D:3      | Killed ces's ghost
  2304 | D:3      | Reached skill level 5 in Crossbows
  2304 | D:3      | Reached skill level 5 in Hexes
  2304 | D:3      | Reached XP level 6. HP: 17/34 MP: 4/7
  2839 | D:4      | Found Xuyta Dyun's Antique Weapon Emporium.
  3109 | D:4      | Noticed a slave
  3109 | D:4      | Noticed a slave
  3131 | D:4      | Noticed a slave
  3132 | D:4      | Noticed Pikel
  3152 | D:3      | Killed a slave
  3536 | D:4      | Found Onolul's Antique Armour Shoppe.
  3593 | D:3      | Killed a slave
  3762 | D:4      | Noticed a slave
  4241 | D:3      | Killed a slave
  5290 | D:4      | Found Baappoaxt's Antique Weapon Shoppe.
  5300 | D:4      | Bought a glowing rapier for 182 gold pieces
  5353 | D:4      | Found a radiant altar of Vehumet.
  5354 | D:4      | Found a burning altar of Makhleb.
  5423 | D:4      | Found Viteif's Gadget Shoppe.
  5500 | D:4      | Found Illuis's Assorted Antiques.
  5607 | D:5      | Entered Level 5 of the Dungeon
  5649 | D:4      | Killed a slave
  5821 | D:3      | Reached XP level 7. HP: 21/38 MP: 6/8
  6629 | D:4      | Killed Pikel
  6629 | D:4      | Reached XP level 8. HP: 45/45 MP: 2/9
  6635 | D:4      | Learned a level 4 spell: Cause Fear
  7041 | D:5      | Found a shattered altar of Ashenzari.
  7128 | D:5      | Found Loosch's Jewellery Emporium.
  7496 | D:5      | Found Ynuihin's Food Boutique.
  7507 | D:5      | Found Uruosmot's Magic Scroll Shop.
  7515 | D:5      | Bought a scroll of enchant weapon for 97 gold pieces
  7671 | D:5      | Found Ceulaasi's Distillery.
  7711 | D:5      | Found Piere's Food Shop.
  7789 | D:5      | Found an ancient bone altar of Kikubaaqudgha.
  8469 | D:6      | Reached skill level 1 in Short Blades
  8635 | D:6      | Reached XP level 9. HP: 40/50 MP: 8/10
  8672 | D:6      | Found a stormy altar of Qazlal.
  8679 | D:6      | Found a staircase to the Ecumenical Temple.
  8716 | Temple   | Entered the Ecumenical Temple
  8795 | Temple   | Became a worshipper of Fedhas Madash
 10529 | D:7      | Found a runed door.
 10533 | D:7      | Noticed Crazy Yiuf
 10540 | D:7      | Killed Crazy Yiuf
 10595 | D:7      | Reached skill level 10 in Crossbows
 11101 | D:7      | Found a sacrificial altar of Ru.
 11111 | D:7      | Found a basalt altar of Yredelemnul.
 11112 | D:7      | Found a deep blue altar of Sif Muna.
 11113 | D:7      | Found a bloodstained altar of Trog.
 11114 | D:7      | Found a hazy altar of Hepliaklqana.
 11213 | D:7      | Learned a level 3 spell: Portal Projectile
 11572 | D:8      | Found Nomneebb's Antique Weapon Emporium.
 11594 | D:8      | Reached XP level 10. HP: 48/56 MP: 4/11
 11661 | D:8      | Got a scorched rapier
 11677 | D:8      | Identified the cursed +2 rapier of the Ancient Beggars {freeze, rPois} (You found it on level 8 of the Dungeon)
 11847 | D:8      | Reached skill level 10 in Hexes
 12012 | D:8      | Mangled by an ice beast

Skill      XL: |  1  2  3  4  5  6  7  8  9 10 |
---------------+-------------------------------+-----
Crossbows      | 3 4 5 7 8 10 | 10.0
Hexes          | 4 5 7 9 10 | 10.1
Fighting       | 2 3 4 |  4.0
Short Blades   | 1 |  1.0
Dodging        | 3 |  3.9
Spellcasting   | |  1.1

Action                   |  1- 3 |  4- 6 |  7- 9 | 10-12 || total
-------------------------+-------+-------+-------+-------++-------
Melee: Short sword       |    58 |    15 |       |       ||    73
       Rapier            |       |    10 |    55 |    55 ||   120
 Fire: Hand crossbow     |    36 |   143 |   229 |    37 ||   445
Throw: Stone             |    22 |       |     2 |       ||    24
 Cast: Corona            |    47 |    66 |    99 |    26 ||   238
       Slow              |     1 |    28 |    27 |     6 ||    62
       Cause Fear        |       |       |       |     1 ||     1
  Use: Scroll            |       |     7 |     5 |     1 ||    13
       Potion            |       |     2 |     4 |       ||     6
  Eat: Chunk             |    10 |    13 |    29 |     9 ||    61
       Royal jelly       |       |       |     1 |       ||     1
Armor: Robe              |    17 |    10 |    11 |     7 ||    45
       Skin              |       |     9 |       |       ||     9
Dodge: Dodged            |    66 |    63 |   159 |    78 ||   366
